Map: Dusk Towers

Players

StoicLoofah - Winner!

  • Race: Protoss Protoss

UleakRed

  • Race: Terran Terran

VOD

Have the link to the VOD?

Description

Time

  • Played on: Nov. 11, 2015, 12:09 a.m.
  • Length: 15:10
Show
View Real Time Build Order
Export as new Build Order

StoicLoofah Protoss - Winner!

Build Orders: 1 Gate Expand 

Get SALT Encoding   

  12  0:01  Probe (Chrono Boost)  
  13  0:11  Probe (Chrono Boost)  
  14  0:19  Pylon  
  14  0:25  Probe (Chrono Boost)  
  15  0:38  Probe (Chrono Boost)  
  15  0:40  Gateway  
  16  0:48  Probe (Chrono Boost)  
  16  0:49  Assimilator  
  17  0:59  Probe (Chrono Boost)  
  18  1:09  Probe (Chrono Boost)  
  19  1:20  Probe (Chrono Boost)  
  20  1:30  Probe (Chrono Boost)  
  21  1:34  Nexus  
  21  1:43  Gateway  
  21  1:45  Probe (Chrono Boost)  
  22  1:53  Pylon  
  22  1:56  Probe (Chrono Boost)  
  23  2:12  Cybernetics Core  
  23  2:13  Probe (Chrono Boost)  
  24  2:17  Assimilator  
  23  2:30  Probe (Chrono Boost)  
  23  2:32  Zealot (Chrono Boost)  
  26  2:42  Probe  
  27  2:44  Probe  
  27  2:51  Adept (Chrono Boost)  
  30  2:57  Warp Gate (Chrono Boost)  
  30  3:01  Probe  
  31  3:09  Adept (Chrono Boost)  
  33  3:16  Probe  
  33  3:19  Mothership Core  
  36  3:26  Probe  
  37  3:37  Probe  
  37  3:40  Probe  
  39  3:47  Twilight Council, Adept  
  39  3:48  Adept  
  43  3:50  Probe  
  43  3:52  Probe  
  45  4:01  Probe  
  45  4:02  Pylon  
  46  4:07  Pylon  
  46  4:09  Assimilator  
  46  4:10  Assimilator  
  46  4:13  Gateway  
  46  4:15  Gateway  
  46  4:20  Probe  
  47  4:37  Probe, Robotics Facility  
  47  4:39  Probe  
  49  4:47  Charge (Chrono Boost)  
  49  4:48  Probe  
  49  4:51  Probe  
  51  4:58  Probe  
  51  5:03  Probe  
  53  5:10  Zealot x3  
  53  5:12  Probe  
  60  5:15  Probe  
  61  5:25  Forge  
  61  5:26  Observer  
  62  5:29  Pylon  
  62  5:31  Pylon  
  62  5:46  Probe  
  62  5:47  Probe, Immortal  
  62  5:48  Zealot  
  70  5:50  Zealot x2  
  70  5:51  Zealot  
  70  5:56  Probe  
  76  5:59  Probe  
  76  6:00  Protoss Ground Weapons Level 1 (Chrono Boost)  
  78  6:24  Pylon  
  78  6:25  Pylon  
  78  6:27  Photon Cannon  
  78  6:28  Pylon  
  78  6:31  Probe  
  78  6:32  Probe, Pylon  
  78  6:35  Observer  
  78  6:38  Zealot x2  
  77  6:49  Zealot  
  79  6:56  Robotics Bay  
  79  7:03  Photon Cannon  
  79  7:06  Photon Cannon  
  79  7:11  Zealot x4, Pylon  
  79  7:14  Mothership Core  
  77  7:38  Stalker x2  
  77  7:39  Stalker x2  
  77  7:43  Protoss Ground Armor Level 1 (Chrono Boost)  
  85  7:48  Colossus (Chrono Boost)  
  85  7:50  Extended Thermal Lance (Chrono Boost)  
  91  7:51  Probe  
  91  7:52  Probe  
  91  7:55  Nexus  
  91  7:57  Pylon  
  93  8:13  Probe  
  93  8:14  Probe  
  93  8:23  Probe  
  93  8:26  Probe, Zealot x3  
  93  8:27  Zealot  
  97  8:30  Photon Cannon  
  97  8:32  Photon Cannon  
  97  8:40  Colossus (Chrono Boost)  
  103  8:53  Sentry x2, Photon Cannon  
  103  8:54  Sentry  
  109  8:56  Photon Cannon  
  109  8:58  Probe  
  109  8:59  Probe  
  111  9:08  Assimilator  
  111  9:13  Gateway, Assimilator  
  111  9:15  Gateway  
  111  9:16  Probe x2  
  111  9:17  Probe  
  114  9:27  Zealot x3  
  114  9:29  Colossus (Chrono Boost)  
  114  9:30  Blink  
  117  9:42  Stalker  
  119  9:46  Protoss Ground Weapons Level 2 (Chrono Boost)  
  119  9:49  Stalker x3  
  125  9:53  Probe  
  118  10:06  Zealot  
  112  10:09  Probe  
  112  10:10  Probe x2  
  115  10:15  Zealot x2  
  115  10:16  Zealot x2  
  123  10:22  Probe  
  123  10:23  Colossus  
  123  10:26  Templar Archives  
  125  10:42  Zealot  
  125  10:43  Zealot x5  
  125  10:49  Pylon  
  137  10:51  Pylon  
  137  10:53  Probe  
  137  10:54  Probe x2  
  125  11:14  Probe  
  125  11:15  Probe x2  
  125  11:16  Stalker x5  
  125  11:17  Stalker  
  134  11:27  Probe  
  135  11:39  Probe  
  135  11:40  Probe x2  
  138  11:52  Nexus  
  138  11:53  Pylon  
  138  11:54  Protoss Ground Weapons Level 3 (Chrono Boost)  
  138  11:57  Pylon  
  133  12:14  Probe x2  
  135  12:18  Colossus  
  135  12:19  Nexus, Psionic Storm  
  135  12:20  Pylon  
  135  12:21  High Templar  
  135  12:22  Pylon, High Templar x5  
  153  12:30  Probe  
  153  12:31  Probe x2  
  136  13:06  Stalker x3  
  136  13:07  Stalker x3  
  136  13:08  Probe  
  136  13:09  Probe x2  
  149  13:22  Photon Cannon  
  149  13:24  Photon Cannon  
  149  13:27  Pylon  
  149  13:31  Zealot x2  
  149  13:32  Zealot x4  
  161  13:48  Colossus (Chrono Boost), Forge  
  161  13:49  Gateway  
  167  13:56  Zealot x2  
  167  13:57  Zealot  
  167  13:58  Zealot x3  
  167  14:00  Nexus  
  179  14:22  Stalker  
  179  14:23  Stalker x3  
  119  14:47  Zealot  
  119  14:48  Zealot x5  
Show
View Real Time Build Order
Export as new Build Order

UleakRed Terran 

Build Orders: Reaper Expand, MMM Bio 

Get SALT Encoding   

  12  0:01  SCV  
  13  0:13  SCV  
  14  0:25  SCV  
  15  0:33  Supply Depot  
  15  0:37  Refinery  
  15  0:55  SCV  
  15  0:56  Barracks  
  16  1:07  SCV  
  17  1:20  SCV  
  18  1:32  SCV  
  19  1:44  Reaper  
  20  1:47  Supply Depot  
  20  1:48  Orbital Command  
  20  2:14  Command Center  
  20  2:17  Barracks Reactor  
  20  2:19  Barracks  
  20  2:33  SCV  
  20  2:37  Barracks  
  21  2:41  Engineering Bay  
  21  2:45  SCV  
  22  2:55  Bunker  
  22  2:57  SCV  
  23  3:09  SCV, Barracks Tech Lab  
  24  3:13  Refinery  
  24  3:19  Marine x2  
  26  3:21  SCV  
  26  3:26  Barracks Tech Lab  
  26  3:34  Missile Turret, Orbital Command  
  26  3:39  Marine x2  
  26  3:40  Marauder  
  30  3:42  Stimpack  
  30  3:47  Concussive Shells  
  30  3:50  SCV  
  31  3:56  Marauder  
  33  4:03  SCV  
  33  4:04  SCV  
  33  4:08  Marauder  
  37  4:14  Factory  
  37  4:16  SCV x2  
  39  4:25  Marauder  
  39  4:26  Marine x2  
  39  4:28  SCV x2  
  45  4:36  Supply Depot  
  45  4:37  Supply Depot  
  45  4:40  SCV, Combat Shields  
  46  4:46  Refinery  
  46  4:58  SCV, Marauder x2  
  51  5:02  Starport  
  51  5:05  Supply Depot  
  51  5:07  Supply Depot  
  51  5:09  Marine x2  
  51  5:11  Factory Reactor  
  53  5:15  SCV x2  
  55  5:24  Marauder  
  55  5:25  Marauder  
  55  5:27  SCV x2  
  61  5:32  Marine  
  61  5:33  Marine  
  63  5:37  Supply Depot  
  63  5:38  Supply Depot  
  63  5:39  SCV x2  
  65  5:46  Refinery  
  65  5:47  Terran Infantry Weapons Level 1  
  65  5:51  SCV x2  
  67  5:58  Medivac x2  
  67  6:01  Marine x2  
  67  6:03  SCV  
  74  6:05  SCV  
  75  6:15  SCV  
  76  6:20  Supply Depot  
  76  6:21  Command Center, Supply Depot  
  76  6:22  Marine x3  
  76  6:25  Marauder  
  81  6:40  Marine x2  
  81  6:41  Marauder, Medivac x2  
  89  6:51  Marine  
  90  6:58  Marine x2  
  92  7:02  Marauder  
  92  7:05  Barracks  
  92  7:07  Factory Reactor, Barracks  
  94  7:10  Marauder  
  69  7:41  Marine x2  
  71  7:44  Orbital Command  
  71  7:46  Missile Turret  
  71  7:47  SCV x2  
  73  7:59  SCV, Marine x2  
  73  8:00  Widow Mine x2, Medivac, Missile Turret, Marauder x2  
  73  8:01  Medivac  
  73  8:02  Barracks Reactor  
  73  8:03  Barracks Reactor  
  88  8:06  Barracks  
  88  8:08  Terran Infantry Armor Level 1  
  87  8:14  Barracks  
  82  8:21  Marauder  
  84  8:33  Widow Mine x2  
  88  8:34  Medivac x2  
  92  8:43  Marine  
  92  8:44  Marauder x2, Marine x4  
  101  8:49  Engineering Bay  
  101  8:51  Armory  
  101  8:53  SCV x3  
  104  9:03  Refinery x2  
  104  9:05  SCV x3  
  104  9:06  Marauder  
  109  9:18  Marine x3  
  109  9:19  Widow Mine x2, Marauder  
  109  9:20  Medivac x2  
  109  9:23  SCV  
  123  9:27  Marauder  
  117  9:40  Marauder  
  117  9:41  Marine x3  
  122  9:48  Marauder, Marine  
  125  9:57  Marine  
  120  10:01  Marauder  
  120  10:02  Marine x3  
  120  10:07  SCV x2  
  124  10:14  Viking x2, Marauder  
  130  10:22  Supply Depot  
  130  10:23  Marauder  
  130  10:24  SCV, Supply Depot x2  
  133  10:29  Supply Depot  
  133  10:37  SCV x2  
  133  10:38  Marauder  
  133  10:43  Viking x2  
  133  10:44  SCV, Marauder  
  133  10:47  Barracks Tech Lab  
  133  10:48  Barracks Tech Lab  
  133  10:49  SCV x2  
  142  10:59  Marauder  
  101  11:25  Marine x3  
  102  11:26  Widow Mine x2, Marauder x4  
  102  11:28  Viking x2, Marine x2  
  112  11:47  Marauder  
  112  11:48  Command Center, Marine x3, Marauder x2  
  121  12:04  Marine x3  
  121  12:05  Marauder  
  124  12:09  Marauder  
  124  12:10  Marine x3  
  124  12:11  Marauder x2  
  124  12:12  Widow Mine x2  
  130  12:25  Terran Infantry Weapons Level 2  
  130  12:26  Terran Infantry Armor Level 2  
  130  12:30  Viking x2, Marine  
  130  12:31  Marine x3  
  130  12:32  Marauder x3  
  142  12:51  Marine x2  
  142  12:52  Marauder, Marine  
  142  12:53  Marauder x2  
  147  13:34  Marauder, Marine  
  147  13:35  Marauder x3  
  147  13:37  Factory  
  147  13:39  Refinery  
  156  13:42  Missile Turret  
  156  13:43  Refinery, Missile Turret, Marine x3  
  156  13:44  Missile Turret  
  159  13:56  Marauder  
  156  14:21  Factory  
  84  14:44  Marine x3  
  85  14:45  Marauder x2  
  85  14:46  Marauder x2  
  93  14:56  Ghost Academy x2  
  93  14:57  Ghost Academy  
Tags
 
Add a new tag
Caveats
  • Supply blocks, unpowered buildings, or Contaminate may cause inaccurate times.
  • Supply counts are checked every 10 seconds.